 Dungeon Sprint DCSS version 0.31-a0-1074-g0b22e4e0f1 (webtiles) character file.

Game seed: 5006932767858432275

15934 rocky1 the Skullcrusher (level 25, -5/149 HPs)
             Began as a Gargoyle Fighter on Nov 28, 2023.
             Was an Initiate of Gozag.
             Killed from afar by a Hell Sentinel (40 damage)
             ... with an iron shot
             ... in the Dungeon (Sprint VI: "Thunderdome").
             The game lasted 00:33:37 (4731 turns).

rocky1 the Skullcrusher (Gargoyle Fighter)          Turns: 4731, Time: 00:33:37

Health: -5/149     AC: 76    Str: 32      XL:     25   Next: 62%
Magic:  24/24      EV: 14    Int: 13      God:    Gozag
Gold:   5187       SH: 16    Dex:  6 (7)  Spells: 22/33 levels left

rFire   + + .        A - +8 demon whip (protect)
rCold   + + .        K - +3 kite shield of the Game of Kings {rC+ rN+}
rNeg    + + +        a - +14 crystal plate armour
rPois   ∞            p - +0 helmet of Ashoawaojio {rPois Will+ Int+2 Slay+2}
rElec   +            d - +0 cloak of Incorporation {Slay+3}
rCorr   +            I - +2 pair of gloves "Gyxt" {Fly rF- rCorr Slay+4}
SInv    +            r - +1 pair of boots of Somewhere Else {rPois rF+ rC+ Dex+3}
Will    +++..        q - amulet "Pecanyot" {rF+ Will+ Regen+ Int+2 Dex-5}
Stlth   x              - ring of Maffileu {rC+ Str+6}
HPRegen 1.24/turn    y - ring "Ziecunot" {rF+ rN+ rCorr EV+5}
MPRegen 0.19/turn

%: no teleportation, random rage (3%)
@: gold aura, under a protective aura, flying
A: sickness immunity, AC +19, big wings, negative energy resistance 1,
electricity resistance, torment resistance 1, petrification resistance, see
invisible, berserk 1, clumsy 2, deformed body, deterioration 2, dopey 1, frail
2, low MP 2, screaming 1, no potion heal 1, cold vulnerability 1, inability to
read after injury 1
}: 4/15 runes: serpentine, barnacled, slimy, elven
a: Renounce Religion, Potion Petition, Call Merchant, Bribe Branch


You were in the Dungeon.
You worshipped Gozag.
Gozag was greatly pleased with you.
You visited 1 branch You collected 28662 gold pieces.
You spent 19032 gold pieces at shops.
You paid 4443 gold pieces to Gozag.

Inventory:

Hand Weapons
 u - a +2 antimagic morningstar
 A - a +8 demon whip of protection (weapon)
Armour
 a - a +14 crystal plate armour (worn)
 d - the +0 cloak of Incorporation (worn) {Slay+3}
   (You bought it in a shop in the Dungeon)

   Slay+3:    It affects your accuracy & damage with ranged weapons and melee
   (+3).
 p - the +0 helmet of Ashoawaojio (worn) {rPois Will+ Int+2 Slay+2}
   (You bought it in a shop in the Dungeon)

   Int+2:     It affects your intelligence (+2).
   Slay+2:    It affects your accuracy & damage with ranged weapons and melee
   (+2).
   rPois:     It protects you from poison Will+: It increases your willpower.
 r - the +1 pair of boots of Somewhere Else (worn) {rPois rF+ rC+ Dex+3}
   (You bought it in a shop in the Dungeon)

   Dex+3:     It affects your dexterity (+3).
   rF+:       It protects you from fire.
   rC+:       It protects you from cold.
   rPois:     It protects you from poison
 I - the +2 pair of gloves "Gyxt" (worn) {Fly rF- rCorr Slay+4}
   (You bought it in a shop in the Dungeon)

   Slay+4:    It affects your accuracy & damage with ranged weapons and melee
   (+4).
   rF-:       It makes you vulnerable to fire.
   Fly:       It grants you flight.
   rCorr:     It protects you from acid and corrosion.
 K - the +3 kite shield of the Game of Kings (worn) {rC+ rN+}
   (You bought it in a shop in the Dungeon)

   rC+:       It protects you from cold.
   rN+:       It protects you from negative energy.
Jewellery
 q - the amulet "Pecanyot" (around neck) {rF+ Will+ Regen+ Int+2 Dex-5}
   (You bought it in a shop in the Dungeon)

   [amulet of regeneration]

   Int+2:     It affects your intelligence (+2).
   Dex-5:     It affects your dexterity (-5).
   rF+:       It protects you from fire.
   Will+:     It increases your willpower.
   Regen+:    It increases your rate of health regeneration.
 w - the ring of Ukkiegab {rF+ Will++ Dex-4}
   (You bought it in a shop in the Dungeon)

   [ring of protection from fire]

   Dex-4:     It affects your dexterity (-4).
   rF+:       It protects you from fire.
   Will++:    It greatly increases your willpower.
 x - the ring of Maffileu (left hand) {rC+ Str+6}
   (You bought it in a shop in the Dungeon)

   [ring of strength]

   Str+6:     It affects your strength (+6).
   rC+:       It protects you from cold.
 y - the ring "Ziecunot" (right hand) {rF+ rN+ rCorr EV+5}
   (You bought it in a shop in the Dungeon)

   [ring of evasion]

   EV+5:      It affects your evasion (+5).
   rF+:       It protects you from fire.
   rN+:       It protects you from negative energy.
   rCorr:     It protects you from acid and corrosion.
 D - the ring of Peacvurch {Wiz SInv}
   (You bought it in a shop in the Dungeon)

   [ring of wizardry]

   Wiz:       It improves your spell success rate.
   SInv:      It lets you see invisible.
Wands
 l - a wand of quicksilver (6) (quivered)
 m - a wand of roots (12)
Scrolls
 b - 2 scrolls of enchant armour
 c - 6 scrolls of silence
 j - 23 scrolls of blinking
 n - 3 scrolls of fog
 o - 8 scrolls of enchant weapon
Potions
 e - 24 potions of curing
 f - 38 potions of heal wounds
 g - 10 potions of haste
 h - 3 potions of magic
 i - a potion of berserk rage
 k - 11 potions of resistance
 s - a potion of brilliance
 z - 9 potions of might


   Skills:
 O Level 27 Fighting
 O Level 27 Maces & Flails
 O Level 27 Armour
 - Level 8.3 Dodging
 - Level 1.0 Stealth
 + Level 20.3 Shields
 - Level 4.7 Spellcasting
 - Level 3.1 Translocations
 - Level 6.2 Earth Magic


You had 22 spell levels left.
You knew the following spells:

 Your Spells              Type           Power      Damage    Failure   Level
a - Shatter               Erth           9%         3d11*     100%        9
b - Blink                 Tloc           22%        N/A       41%         2

Your spell library contained the following spells:

 Spells                   Type           Power      Damage    Failure   Level
 Lesser Beckoning         Tloc           22%        N/A       41%         2
 Momentum Strike          Conj/Tloc      14%        3d8       63%         2
 Volatile Blastmotes      Fire/Tloc      14%        2d11      86%         3
 Lee's Rapid Deconstruct  Erth           9%         3d7*      92%         5
 Leda's Liquefaction      Hex/Erth       5%         N/A       96%         4
 Iskenderun's Mystic Bla  Conj/Tloc      7%         2d4       99%         4
 Fulminant Prism          Conj/Hex       1%         3d5       100%        4
 Iskenderun's Battlesphe  Conj           3%         2d6       100%        5
 Bombard                  Conj/Erth      5%         9d2       100%        6
 Spellforged Servitor     Conj/Summ      1%         N/A       100%        7
 Chain Lightning          Conj/Air       1%         3d2       100%        9
 Fire Storm               Conj/Fire      1%         8d1       100%        9


Dungeon Overview and Level Annotations

Branches:
Dungeon (1/1)

Altars:
Cheibriados
Dithmenos
Fedhas
Gozag
Kikubaaqudgha
Makhleb
Okawaru
Qazlal
Ru
Sif Muna
Trog
Uskayaw
Vehumet
Wu Jian
Xom
Yredelemnul
Zin
The Shining One
Lugonu

Shops:
D [=?[?*?*(([:[((!!


Innate Abilities, Weirdness & Mutations

You are immune to sickness and miasma.
Your stone body is resilient. (AC +19)
You are immune to poison.
Your large and strong wings let you fly.
You resist negative energy. (rN+)
You are resistant to electric shocks. (rElec)
You are resistant to unholy torment.
You are immune to petrification.
You have supernaturally acute eyesight. (SInv)
You sometimes lose your temper in combat.
You are very clumsy. (Dex -4)
Armour fits poorly on your strangely shaped body.
Your body often deteriorates upon taking damage.
You are dopey. (Int -2)
You are very frail. (-20% HP)
Your magical capacity is very low. (-20% MP)
You occasionally shout uncontrollably at your foes.
Potions are less effective at restoring your health.
You are vulnerable to cold. (rC-)
You occasionally lose the ability to read scrolls when taking damage.


Message History

You block the quicksilver elemental's attack.
You feel your strength returning.
Your Shields skill increases to level 20! 20...
You see here 162 gold pieces.
The quicksilver elemental breathes dispelling energy at you.
The bolt of dispelling energy hits you!
Your body deteriorates!
You feel clumsy.
The quicksilver elemental breathes dispelling energy at you.
The bolt of dispelling energy hits you but does no damage.
A Hell Sentinel comes into view.
Things that are here:
a +0 leather armour; a +0 club The quicksilver elemental barely misses you.
You devastate the quicksilver elemental!!!
The quicksilver elemental is severely damaged.
The quicksilver elemental completely misses you.
The Hell Sentinel gestures at you.
The sphere of damnation explodes!
The damnation engulfs you!!
* * * LOW HITPOINT WARNING * * *
The damnation engulfs the quicksilver elemental!!
The quicksilver elemental is destroyed!
Blink to where?
Press: ? - help, Dir - move target An iron elemental comes into view.
As you read the scroll of blinking, it crumbles to dust. 15...
You block the Hell Sentinel's attack.
The Hell Sentinel hits you but does no damage.
You thrash the Hell Sentinel!!
The Hell Sentinel is lightly wounded.
You thrash the Hell Sentinel!!
The Hell Sentinel is moderately wounded.
You block the Hell Sentinel's attack. x2
You completely miss the Hell Sentinel.
The Hell Sentinel is moderately wounded.
The Hell Sentinel gestures at you. The iron shot hits you!!!
You die...
Your body crumbles into a pile of gold.

#_......._# #_(......_#
###.......$.### #)..........)⌠#
######.8.......[.8.######
##∩___....(.###$.....___∩##
###=..(.(...8.# #.8..).....∩###
#......)).(E..###.............##
⌠......)...###..@###..........⌠#
⌠....∩..[..# #.1.# #$)........⌠#
⌠..=(......###)..###..........⌠#
#..[....[%....###)[.).........##
###∩......)[8.# #.8........∩###
##∩___....[.###.)....__.∩##
######.8)).......8.######
#⌠[[.........⌠# ###.........###


You could see a Hell Sentinel and an iron elemental.

Vanquished Creatures
  An ancient lich (D)
  A caustic shrike (D)
  Fannar (D)
  A great orb of eyes (D)
  2 Hell Sentinels (D)
  3 quicksilver dragons (D)
  3 death cobs (D)
  2 acid blobs (D)
  A rockslime (D)
  2 azure jellies (D)
  A merfolk avatar (D)
  3 iron dragons (D)
  A quicksilver elemental (D)
  An emperor scorpion (D)
  2 ghost moths (D)
  A war gargoyle (D)
  9 stone giants (D)
  4 quicksilver oozes (D)
  10 lorocyprocas (D)
  An apis (D)
  3 dire elephants (D)
  3 deep elf death magi (D)
  2 iron golems (D)
  A merfolk impaler (D)
  2 green deaths (D)
  3 fire dragons (D)
  An ice dragon (D)
  A centaur warrior (D)
  5 death knights (D)
  2 spriggan air magi (D)
  An iron elemental (D)
  A demonic crawler (D)
  3 spriggan berserkers (D)
  Aizul (D)
  2 hell hogs (D)
  2 skysharks (D)
  An iron troll (D)
  A crystal echidna (D)
  2 sun demons (D)
  2 pharaoh ants (D)
  A sun moth (D)
  4 swamp dragons (D)
  29 shining eyes (D)
  A steelbarb worm (D)
  A faun (D)
  2 moths of wrath (D)
  5 rust devils (D)
  A rime drake (D)
  A dryad (D)
  A komodo dragon (D)
  An efreet (D)
  A merfolk (D)
  3 wind drakes (D)
  4 queen bees (D)
  4 slime creatures (D)
  A glass eye (D)
  A yak (D)
  A culicivora (D)
  2 fire elementals (D)
  A fire bat (D)
  3 redbacks (D)
  Menkaure (D)
  26 neqoxecs (D)
  An acid dragon (D)
  A hell hound (D)
  A swamp drake (D)
  8 centaurs (D)
  A kobold brigand (D)
  2 earth elementals (D)
  2 necrophages (D)
  3 killer bees (D)
  3 jellies (D)
  Ijyb (D)
  5 mummies (D)
  A bat skeleton (D)
  An endoplasm (D)
  A hobgoblin (D)
  A ball python zombie (D)
  A giant cockroach zombie (D)
  A jackal skeleton (D)
  2 kobolds (D)
220 creatures vanquished.

Vanquished Creatures (others)
  A quicksilver elemental (D)
1 creature vanquished.

Grand Total: 221 creatures vanquished

Notes
Turn   | Place    | Note
-------+----------+-------------------------------------------
     0 | D        | rocky1 the Gargoyle Fighter began the quest for the Orb.
     0 | D        | Reached XP level 1. HP: 14/14 MP: 1/1
     3 | D        | Found a stormy altar of Qazlal.
     3 | D        | Found an ornate altar of the Wu Jian Council.
     4 | D        | Found a snail-covered altar of Cheibriados.
     4 | D        | Found a bloodstained altar of Trog.
     5 | D        | Found a burning altar of Makhleb.
     5 | D        | Round 1.
     6 | D        | Found a shimmering blue altar of Sif Muna.
     6 | D        | Found an iron altar of Okawaru.
     6 | D        | Found Baotwaku's Staff Store.
     6 | D        | Found Luarerier's Magic Scroll Shop.
     7 | D        | Found Qup Miunio's Must-Have Magic.
     7 | D        | Found Plog's Magic Scroll Shop.
    11 | D        | Found a corrupted altar of Lugonu.
    12 | D        | Found a glowing silver altar of Zin.
    14 | D        | Found a blossoming altar of Fedhas.
    16 | D        | Found Ysmuvet's Timeless Talismans.
    17 | D        | Found a radiant altar of Vehumet.
    17 | D        | Found a basalt altar of Yredelemnul.
    17 | D        | Found a shadowy altar of Dithmenos.
    17 | D        | Found Wips's Identification Station.
    18 | D        | Found Atista's Jewellery.
    18 | D        | Found Dooppa's Advanced Armour.
    25 | D        | Found a sacrificial altar of Ru.
    26 | D        | Found a hide-covered altar of Uskayaw.
    30 | D        | Found Lowat's Premium Goods.
    31 | D        | Found a shimmering altar of Xom.
    31 | D        | Found Fyhi's Weapon Rack.
    32 | D        | Found Ickugrig's Miscellaneous Merchandise.
    32 | D        | Found Gysigece's Basic Armour.
    37 | D        | Found an ancient bone altar of Kikubaaqudgha.
    38 | D        | Found an opulent altar of Gozag.
    44 | D        | Found Emuph's Do-It-Yourself Clinic.
    44 | D        | Found Cuwitwom's Bottled Wisdom.
    45 | D        | Found Dusoffasm's Distillery.
    49 | D        | Became a worshipper of Gozag Ym Sagoz the Greedy
    68 | D        | Noticed a necrophage
    77 | D        | Killed a necrophage
    78 | D        | Reached skill level 5 in Fighting
    78 | D        | Reached skill level 5 in Armour
    78 | D        | Reached skill level 5 in Shields
    78 | D        | Reached XP level 2. HP: 21/21 MP: 2/2
    78 | D        | Reached XP level 3. HP: 26/26 MP: 3/3
    78 | D        | Reached XP level 4. HP: 31/31 MP: 4/4
   110 | D        | Found a glowing golden altar of the Shining One.
   112 | D        | Found Uhidehat's Distillery.
   114 | D        | Noticed a necrophage
   127 | D        | Killed a necrophage
   127 | D        | Arena points: 14 (+14) [x2]
   128 | D        | Reached XP level 5. HP: 29/37 MP: 5/5
   163 | D        | Round 2.
   164 | D        | Noticed Ijyb
   171 | D        | Killed Ijyb
   172 | D        | Reached skill level 5 in Maces & Flails
   295 | D        | Noticed a kobold brigand
   306 | D        | Killed a kobold brigand
   306 | D        | Arena points: 50 (+36) [x3]
   346 | D        | Bought a faintly glowing steel ring for 45 gold pieces
   346 | D        | Identified the ring "Ituadagy" {*Slow +Blink rCorr EV+5
                  | Stlth+} (You bought it in a shop in the Dungeon)
   346 | D        | Bought a scorched sapphire amulet for 45 gold pieces
   346 | D        | Identified the amulet "Pecanyot" {rF+ Will+ Regen+ Int+2
                  | Dex-5} (You bought it in a shop in the Dungeon)
   346 | D        | Bought an ancient ivory ring for 45 gold pieces
   346 | D        | Identified the ring of Dutush {rF- rC+ Dex+5} (You bought
                  | it in a shop in the Dungeon)
   346 | D        | Bought a heavily runed pewter amulet for 45 gold pieces
   346 | D        | Identified the amulet "Koecaq" {Spirit rN+ Str+2 Stlth+}
                  | (You bought it in a shop in the Dungeon)
   346 | D        | Bought a crude steel ring for 45 gold pieces
   346 | D        | Identified the ring of Lugonu's Pride {rF+ rCorr SInv} (You
                  | bought it in a shop in the Dungeon)
   346 | D        | Bought a coiled brass ring for 45 gold pieces
   346 | D        | Identified the ring "Qijuinoa" {rPois rC- MP+9 Str+6} (You
                  | bought it in a shop in the Dungeon)
   352 | D        | Bought a shimmering gossamer ring for 45 gold pieces
   352 | D        | Identified the ring "Igoen" {Ice Dex+3} (You bought it in a
                  | shop in the Dungeon)
   352 | D        | Bought a scorched pewter ring for 45 gold pieces
   352 | D        | Identified the ring of Ukkiegab {rF+ Will++ Dex-4} (You
                  | bought it in a shop in the Dungeon)
   352 | D        | Bought a scintillating platinum ring for 45 gold pieces
   352 | D        | Identified the ring of Maffileu {rC+ Str+6} (You bought it
                  | in a shop in the Dungeon)
   352 | D        | Bought a transparent marble ring for 45 gold pieces
   352 | D        | Identified the ring "Ziecunot" {rF+ rN+ rCorr EV+5} (You
                  | bought it in a shop in the Dungeon)
   355 | D        | Round 3.
   360 | D        | Reached skill level 1 in Dodging
   360 | D        | Reached skill level 1 in Stealth
   360 | D        | Reached XP level 6. HP: 43/44 MP: 6/6
   377 | D        | Noticed a shining eye
   382 | D        | Gained mutation: You occasionally lose the ability to drink
                  | potions when taking damage. [a shining eye]
   389 | D        | Gained mutation: You sometimes lose your temper in combat.
                  | [a shining eye]
   390 | D        | Killed a shining eye
   391 | D        | Reached skill level 10 in Fighting
   391 | D        | Reached XP level 7. HP: 52/52 MP: 7/7
   490 | D        | Reached skill level 10 in Maces & Flails
   500 | D        | Noticed a glass eye
   511 | D        | Killed a glass eye
   511 | D        | Arena points: 134 (+84) [x4]
   512 | D        | Reached XP level 8. HP: 59/59 MP: 8/8
   536 | D        | Bought 3 potions of mutation for 168 gold pieces
   536 | D        | Bought 2 potions of mutation for 112 gold pieces
   536 | D        | Bought a potion of mutation for 56 gold pieces
   536 | D        | Lost mutation: You occasionally lose the ability to drink
                  | potions when taking damage. [potion of mutation]
   536 | D        | Lost mutation: You sometimes lose your temper in combat.
                  | [potion of mutation]
   536 | D        | Gained mutation: Your spells are a little easier to cast,
                  | but a little less powerful. [potion of mutation]
   536 | D        | Gained mutation: You are dopey. (Int -2) [potion of
                  | mutation]
   536 | D        | Gained mutation: You are strong-willed. (Will+) [potion of
                  | mutation]
   537 | D        | Lost mutation: Your spells are a little easier to cast, but
                  | a little less powerful. [potion of mutation]
   537 | D        | Lost mutation: You are strong-willed. (Will+) [potion of
                  | mutation]
   537 | D        | Lost mutation: You are dopey. (Int -2) [potion of mutation]
   537 | D        | Gained mutation: You are robust. (+10% HP) [potion of
                  | mutation]
   537 | D        | Gained mutation: Your spells are a little harder to cast,
                  | but a little more powerful. [potion of mutation]
   537 | D        | Gained mutation: You are partially covered in iridescent
                  | scales. (AC +2) [potion of mutation]
   537 | D        | Gained mutation: You have hidden genetic potential. [potion
                  | of mutation]
   541 | D        | Round 4.
   694 | D        | Noticed Menkaure
   704 | D        | Killed Menkaure
   704 | D        | Arena points: 274 (+140) [x5]
   723 | D        | Bought a +0 demon whip for 450 gold pieces
   726 | D        | Bought a +0 pair of gloves for 54 gold pieces
   726 | D        | Bought a +0 cloak for 54 gold pieces
   742 | D        | Round 5.
   748 | D        | Identified the serpent talisman of Too Many Cooks {rF-
                  | Str+2 Int+2}
   748 | D        | Noticed Aizul
   781 | D        | Killed Aizul
   781 | D        | Arena points: 554 (+280) [x7]
   784 | D        | Got a serpentine rune of Zot
   796 | D        | Reached XP level 9. HP: 58/73 MP: 7/9
  1004 | D        | Round 6.
  1020 | D        | Reached XP level 10. HP: 71/79 MP: 8/10
  1139 | D        | Gained mutation: You have sharp toenails. [hidden
                  | potential]
  1166 | D        | Arena points: 938 (+384) [x8]
  1222 | D        | Round 7.
  1273 | D        | Reached skill level 10 in Armour
  1301 | D        | Bought a steaming cloak for 332 gold pieces
  1301 | D        | Identified the +0 cloak of Incorporation {Slay+3} (You
                  | bought it in a shop in the Dungeon)
  1301 | D        | Bought a warped helmet for 332 gold pieces
  1301 | D        | Identified the +0 helmet of Ashoawaojio {rPois Will+ Int+2
                  | Slay+2} (You bought it in a shop in the Dungeon)
  1301 | D        | Bought a pair of pitted boots for 332 gold pieces
  1301 | D        | Identified the +1 pair of boots of Somewhere Else {rPois
                  | rF+ rC+ Dex+3} (You bought it in a shop in the Dungeon)
  1346 | D        | Noticed a centaur warrior
  1364 | D        | Killed a centaur warrior
  1365 | D        | Reached skill level 15 in Fighting
  1365 | D        | Reached skill level 15 in Maces & Flails
  1369 | D        | Arena points: 1568 (+630) [x9]
  1380 | D        | Bought 8 scrolls of enchant weapon for 600 gold pieces
  1380 | D        | Bought a scroll of brand weapon for 95 gold pieces
  1401 | D        | Bought a scroll of brand weapon for 95 gold pieces
  1420 | D        | Round 8.
  1438 | D        | Gained mutation: You are dopey. (Int -2) [a neqoxec]
  1439 | D        | Gained mutation: You are clumsy. (Dex -2) [a neqoxec]
  1484 | D        | Gained mutation: You are weak. (Str -2) [a neqoxec]
  1554 | D        | Gained mutation: You have supernaturally acute eyesight.
                  | (SInv) [a neqoxec]
  1580 | D        | Reached XP level 11. HP: 91/91 MP: 11/11
  1587 | D        | Arena points: 2448 (+880) [x10]
  1623 | D        | Round 9.
  1630 | D        | Noticed a demonic crawler
  1644 | D        | Killed a demonic crawler
  1645 | D        | Reached skill level 10 in Shields
  1667 | D        | Noticed a sun moth
  1679 | D        | Killed a sun moth
  1691 | D        | Noticed a pharaoh ant
  1722 | D        | Killed a pharaoh ant
  1750 | D        | Noticed a pharaoh ant
  1759 | D        | Killed a pharaoh ant
  1760 | D        | Reached skill level 5 in Dodging
  1770 | D        | Noticed a steelbarb worm
  1785 | D        | Killed a steelbarb worm
  1801 | D        | Noticed an emperor scorpion
  1837 | D        | Killed an emperor scorpion
  1837 | D        | Arena points: 3438 (+990) [x11]
  1854 | D        | Round 10.
  1859 | D        | Bought 3 potions of experience for 900 gold pieces
  1859 | D        | Bought 3 potions of experience for 900 gold pieces
  1859 | D        | Bought 2 potions of experience for 600 gold pieces
  1859 | D        | Bought a potion of experience for 300 gold pieces
  1859 | D        | Bought a potion of experience for 300 gold pieces
  1861 | D        | Reached XP level 12. HP: 102/102 MP: 12/12
  1862 | D        | Reached XP level 13. HP: 108/108 MP: 13/13
  1863 | D        | Gained mutation: Your large and strong wings let you fly.
                  | [Gargoyle growth]
  1863 | D        | Reached XP level 14. HP: 116/116 MP: 14/14
  1864 | D        | Reached XP level 15. HP: 122/122 MP: 15/15
  1865 | D        | Reached XP level 16. HP: 128/128 MP: 16/16
  1866 | D        | Reached XP level 17. HP: 136/136 MP: 17/17
  1867 | D        | Reached XP level 18. HP: 141/141 MP: 18/18
  1868 | D        | Reached XP level 19. HP: 149/149 MP: 19/19
  1869 | D        | Reached XP level 20. HP: 156/156 MP: 20/20
  1870 | D        | Reached XP level 21. HP: 162/162 MP: 21/21
  1992 | D        | Arena points: 4608 (+1170) [x13]
  1999 | D        | Got a barnacled rune of Zot
  2000 | D        | Gained mutation: You are strong-willed. (Will+) [hidden
                  | potential]
  2000 | D        | Lost mutation: You have hidden genetic potential. [hidden
                  | potential expressed]
  2046 | D        | Bought a book of Blasting for 196 gold pieces
  2046 | D        | Bought a book of Annihilations for 420 gold pieces
  2046 | D        | Bought a book of the Earth for 252 gold pieces
  2046 | D        | Bought a book of Power for 294 gold pieces
  2046 | D        | Bought a book of Spatial Translocations for 126 gold pieces
  2056 | D        | Learned a level 9 spell: Shatter
  2070 | D        | Reached XP level 22. HP: 171/171 MP: 21/26
  2074 | D        | Learned a level 2 spell: Blink
  2187 | D        | Round 11.
  2298 | D        | Arena points: 6148 (+1540) [x14]
  2325 | D        | Bought a smoking bone ring for 45 gold pieces
  2325 | D        | Identified the ring "Nezuthrej" {AC+4 SInv} (You bought it
                  | in a shop in the Dungeon)
  2325 | D        | Bought a heavily runed copper ring for 45 gold pieces
  2325 | D        | Identified the ring "Ideusigivi" {Ice rPois} (You bought it
                  | in a shop in the Dungeon)
  2325 | D        | Bought a scintillating bronze ring for 45 gold pieces
  2325 | D        | Identified the ring of Peacvurch {Wiz SInv} (You bought it
                  | in a shop in the Dungeon)
  2325 | D        | Bought a glittering wooden ring for 45 gold pieces
  2325 | D        | Identified the ring of Naelyschidgh {rN+ Int+6} (You bought
                  | it in a shop in the Dungeon)
  2325 | D        | Bought a transparent pewter ring for 45 gold pieces
  2325 | D        | Identified the ring "Bufisege" {Wiz Str+5 Dex-5} (You
                  | bought it in a shop in the Dungeon)
  2325 | D        | Bought a twitching pewter ring for 45 gold pieces
  2325 | D        | Identified the ring of Conformity {rPois Will+ Str+2 Int+3}
                  | (You bought it in a shop in the Dungeon)
  2325 | D        | Bought a vibrating bone ring for 45 gold pieces
  2325 | D        | Identified the ring of Wu Jian's Castigation {*Slow rPois
                  | rF+ Dex+3 Slay+2} (You bought it in a shop in the Dungeon)
  2344 | D        | Bought a pair of smoking gloves for 332 gold pieces
  2344 | D        | Identified the +2 pair of gloves "Gyxt" {Fly rF- rCorr
                  | Slay+4} (You bought it in a shop in the Dungeon)
  2344 | D        | Bought a pair of shimmering gloves for 332 gold pieces
  2344 | D        | Identified the +4 pair of gloves of Egalitarianism {rPois
                  | Will+ Slay-6} (You bought it in a shop in the Dungeon)
  2369 | D        | Round 12.
  2371 | D        | Lost mutation: You are robust. (+10% HP) [a shining eye]
  2372 | D        | Gained mutation: You are very dopey. (Int -4) [a shining
                  | eye]
  2395 | D        | Gained mutation: You passively map a small area around you.
                  | [a shining eye]
  2396 | D        | Gained mutation: You are frail. (-10% HP) [a shining eye]
  2397 | D        | Gained mutation: You occasionally lose the ability to drink
                  | potions when taking damage. [a shining eye]
  2400 | D        | Gained mutation: Potions are less effective at restoring
                  | your health. [a shining eye]
  2400 | D        | Gained mutation: Your magical capacity is low. (-10% MP) [a
                  | shining eye]
  2405 | D        | Gained mutation: You sometimes lose the ability to drink
                  | potions when taking damage. [a shining eye]
  2412 | D        | Gained mutation: You do not regenerate when monsters are
                  | visible. [a shining eye]
  2421 | D        | Gained mutation: Your body sometimes deteriorates upon
                  | taking damage. [a shining eye]
  2456 | D        | Arena points: 8308 (+2160) [x15]
  2471 | D        | Round 13.
  2568 | D        | Bought 4 potions of curing for 84 gold pieces
  2568 | D        | Bought 4 potions of curing for 84 gold pieces
  2568 | D        | Bought 4 potions of curing for 84 gold pieces
  2568 | D        | Bought 4 potions of curing for 84 gold pieces
  2568 | D        | Bought 4 potions of curing for 84 gold pieces
  2568 | D        | Bought 3 potions of heal wounds for 105 gold pieces
  2568 | D        | Bought 3 potions of heal wounds for 105 gold pieces
  2568 | D        | Bought 3 potions of heal wounds for 105 gold pieces
  2568 | D        | Bought 3 potions of heal wounds for 105 gold pieces
  2568 | D        | Bought 3 potions of heal wounds for 105 gold pieces
  2568 | D        | Bought 3 potions of heal wounds for 105 gold pieces
  2568 | D        | Bought 3 potions of heal wounds for 105 gold pieces
  2568 | D        | Bought 3 potions of heal wounds for 105 gold pieces
  2568 | D        | Bought 3 potions of heal wounds for 105 gold pieces
  2568 | D        | Bought 3 potions of heal wounds for 105 gold pieces
  2568 | D        | Bought 3 potions of heal wounds for 105 gold pieces
  2568 | D        | Bought 3 potions of heal wounds for 105 gold pieces
  2578 | D        | Bought 3 potions of mutation for 168 gold pieces
  2578 | D        | Bought 2 potions of mutation for 112 gold pieces
  2578 | D        | Bought a potion of mutation for 56 gold pieces
  2578 | D        | Lost mutation: You passively map a small area around you.
                  | [potion of mutation]
  2578 | D        | Lost mutation: You are very dopey. (Int -4) [potion of
                  | mutation]
  2578 | D        | Lost mutation: You are frail. (-10% HP) [potion of
                  | mutation]
  2579 | D        | Lost mutation: You have supernaturally acute eyesight.
                  | (SInv) [potion of mutation]
  2579 | D        | Lost mutation: Potions are less effective at restoring your
                  | health. [potion of mutation]
  2579 | D        | Lost mutation: You are partially covered in iridescent
                  | scales. (AC +2) [potion of mutation]
  2579 | D        | Gained mutation: Your skin changes colour to match your
                  | surroundings (Stealth+). [potion of mutation]
  2579 | D        | Lost mutation: Your body sometimes deteriorates upon taking
                  | damage. [potion of mutation]
  2580 | D        | Lost mutation: You are strong-willed. (Will+) [potion of
                  | mutation]
  2580 | D        | Lost mutation: Your magical capacity is low. (-10% MP)
                  | [potion of mutation]
  2580 | D        | Lost mutation: You have sharp toenails. [potion of
                  | mutation]
  2580 | D        | Gained mutation: You have a pair of small antennae on your
                  | head. [potion of mutation]
  2581 | D        | Lost mutation: You are dopey. (Int -2) [potion of mutation]
  2581 | D        | Lost mutation: Your skin changes colour to match your
                  | surroundings (Stealth+). [potion of mutation]
  2581 | D        | Lost mutation: You are clumsy. (Dex -2) [potion of
                  | mutation]
  2582 | D        | Lost mutation: You do not regenerate when monsters are
                  | visible. [potion of mutation]
  2582 | D        | Lost mutation: You sometimes lose the ability to drink
                  | potions when taking damage. [potion of mutation]
  2582 | D        | Gained mutation: You have supernaturally acute eyesight.
                  | (SInv) [potion of mutation]
  2583 | D        | Lost mutation: You are weak. (Str -2) [potion of mutation]
  2583 | D        | Lost mutation: Your spells are a little harder to cast, but
                  | a little more powerful. [potion of mutation]
  2583 | D        | Gained mutation: You passively map a small area around you.
                  | [potion of mutation]
  2584 | D        | Lost mutation: You have supernaturally acute eyesight.
                  | (SInv) [potion of mutation]
  2584 | D        | Lost mutation: You occasionally lose the ability to drink
                  | potions when taking damage. [potion of mutation]
  2584 | D        | Lost mutation: You passively map a small area around you.
                  | [potion of mutation]
  2584 | D        | Gained mutation: You are strong-willed. (Will+) [potion of
                  | mutation]
  2584 | D        | Gained mutation: You are partially covered in iridescent
                  | scales. (AC +2) [potion of mutation]
  2584 | D        | Gained mutation: Your spells are a little easier to cast,
                  | but a little less powerful. [potion of mutation]
  2584 | D        | Gained mutation: You have a pair of antennae on your head.
                  | [potion of mutation]
  2585 | D        | Lost mutation: You are partially covered in iridescent
                  | scales. (AC +2) [potion of mutation]
  2585 | D        | Lost mutation: You have a pair of antennae on your head.
                  | [potion of mutation]
  2585 | D        | Gained mutation: Armour fits poorly on your strangely
                  | shaped body. [potion of mutation]
  2585 | D        | Gained mutation: You are somewhat resistant to further
                  | mutation. [potion of mutation]
  2587 | D        | Lost mutation: Armour fits poorly on your strangely shaped
                  | body. [potion of mutation]
  2587 | D        | Lost mutation: You are strong-willed. (Will+) [potion of
                  | mutation]
  2587 | D        | Lost mutation: You have a pair of small antennae on your
                  | head. [potion of mutation]
  2588 | D        | Lost mutation: You are somewhat resistant to further
                  | mutation. [potion of mutation]
  2588 | D        | Lost mutation: Your spells are a little easier to cast, but
                  | a little less powerful. [potion of mutation]
  2588 | D        | Gained mutation: Your magical capacity is low. (-10% MP)
                  | [potion of mutation]
  2588 | D        | Gained mutation: You have supernaturally acute eyesight.
                  | (SInv) [potion of mutation]
  2657 | D        | Bought 6 potions of resistance for 420 gold pieces
  2657 | D        | Bought 6 potions of might for 168 gold pieces
  2657 | D        | Bought 5 potions of haste for 350 gold pieces
  2657 | D        | Bought 6 potions of resistance for 420 gold pieces
  2667 | D        | Arena points: 8477 (+169) [x1]
  2682 | D        | Round 14.
  2721 | D        | Gained mutation: Your body sometimes deteriorates upon
                  | taking damage. [a shining eye]
  2847 | D        | Arena points: 8813 (+336) [x2]
  2863 | D        | Round 15.
  2863 | D        | Noticed Fannar
  2892 | D        | Killed Fannar
  2892 | D        | Identified the +9 mace of Parts Unknown {elec, Will+ Str+2}
                  | (You found it in the Dungeon)
  2892 | D        | Arena points: 9473 (+660) [x4]
  2898 | D        | Got an elven rune of Zot
  2900 | D        | Reached skill level 5 in Earth Magic
  2900 | D        | Reached XP level 23. HP: 154/168 MP: 24/26
  2914 | D        | Bought a dazzling ring mail for 234 gold pieces
  2914 | D        | Identified the +7 ring mail "Tuch" {Will+} (You bought it
                  | in a shop in the Dungeon)
  2935 | D        | Bought an ichor-stained tower shield for 332 gold pieces
  2935 | D        | Identified the +0 tower shield of Joxtycla {+Inv rPois
                  | Str-4 SInv} (You bought it in a shop in the Dungeon)
  2935 | D        | Bought a heavily runed kite shield for 332 gold pieces
  2935 | D        | Identified the +3 kite shield of the Game of Kings {rC+
                  | rN+} (You bought it in a shop in the Dungeon)
  2935 | D        | Bought a pair of transparent boots for 332 gold pieces
  2935 | D        | Identified the +1 pair of boots of Disappointment {rF+
                  | Str-4 Int+6} (You bought it in a shop in the Dungeon)
  3073 | D        | Round 16.
  3202 | D        | Reached XP level 24. HP: 150/176 MP: 26/26
  3260 | D        | Arena points: 9697 (+224) [x1]
  3274 | D        | Bought a +0 crystal plate armour for 960 gold pieces
  3275 | D        | Round 17.
  3362 | D        | Arena points: 10037 (+340) [x2]
  3377 | D        | Round 18.
  3436 | D        | Reached skill level 27 in Maces & Flails
  3480 | D        | Reached skill level 27 in Fighting
  3508 | D        | Reached skill level 15 in Armour
  3514 | D        | Arena points: 10901 (+864) [x3]
  3568 | D        | Round 19.
  3783 | D        | Arena points: 12117 (+1216) [x4]
  3808 | D        | Round 20.
  3841 | D        | Arena points: 13677 (+1560) [x6]
  3845 | D        | Got a slimy rune of Zot
  3847 | D        | Reached XP level 25. HP: 160/187 MP: 26/27
  3864 | D        | Bought 4 scrolls of enchant armour for 300 gold pieces
  3864 | D        | Bought 4 scrolls of enchant armour for 300 gold pieces
  3864 | D        | Bought 3 scrolls of silence for 285 gold pieces
  3864 | D        | Bought 5 scrolls of blinking for 375 gold pieces
  3864 | D        | Bought 4 scrolls of blinking for 300 gold pieces
  3864 | D        | Bought 3 scrolls of blinking for 225 gold pieces
  3872 | D        | Bought 4 scrolls of enchant armour for 300 gold pieces
  3872 | D        | Bought 4 scrolls of enchant armour for 300 gold pieces
  3872 | D        | Bought 8 scrolls of enchant weapon for 600 gold pieces
  3872 | D        | Bought 3 scrolls of silence for 285 gold pieces
  3872 | D        | Bought 5 scrolls of blinking for 375 gold pieces
  3872 | D        | Bought 4 scrolls of blinking for 300 gold pieces
  3872 | D        | Bought 3 scrolls of blinking for 225 gold pieces
  4024 | D        | Round 21.
  4036 | D        | Gained mutation: Your body often deteriorates upon taking
                  | damage. [a shining eye]
  4038 | D        | Gained mutation: You are clumsy. (Dex -2) [a shining eye]
  4041 | D        | Gained mutation: You are frail. (-10% HP) [a shining eye]
  4075 | D        | Gained mutation: You occasionally shout uncontrollably at
                  | your foes. [a shining eye]
  4076 | D        | Gained mutation: You are vulnerable to cold. (rC-) [a
                  | shining eye]
  4096 | D        | Gained mutation: Armour fits poorly on your strangely
                  | shaped body. [a shining eye]
  4106 | D        | Gained mutation: You occasionally lose the ability to read
                  | scrolls when taking damage. [a shining eye]
  4113 | D        | Gained mutation: Your magical capacity is very low. (-20%
                  | MP) [a shining eye]
  4128 | D        | Gained mutation: Potions are less effective at restoring
                  | your health. [a shining eye]
  4132 | D        | Gained mutation: You are dopey. (Int -2) [a shining eye]
  4162 | D        | Gained mutation: You sometimes lose your temper in combat.
                  | [a shining eye]
  4202 | D        | Arena points: 14013 (+336) [x1]
  4206 | D        | Bought 2 potions of might for 136 gold pieces
  4206 | D        | Bought a potion of haste for 170 gold pieces
  4206 | D        | Bought a potion of haste for 170 gold pieces
  4206 | D        | Bought a potion of curing for 51 gold pieces
  4206 | D        | Bought a potion of brilliance for 68 gold pieces
  4206 | D        | Bought a potion of might for 68 gold pieces
  4206 | D        | Bought a potion of magic for 136 gold pieces
  4206 | D        | Bought 2 potions of curing for 102 gold pieces
  4217 | D        | Round 22.
  4269 | D        | Gained mutation: You are very clumsy. (Dex -4) [a neqoxec]
  4348 | D        | Gained mutation: You are very frail. (-20% HP) [a neqoxec]
  4355 | D        | Arena points: 14761 (+748) [x2]
  4414 | D        | Round 23.
  4510 | D        | Arena points: 15934 (+1173) [x3]
  4525 | D        | Round 24.
  4545 | D        | Noticed an ancient lich
  4569 | D        | Killed an ancient lich
  4570 | D        | Reached skill level 27 in Armour
  4578 | D        | Reached skill level 15 in Shields
  4731 | D        | Killed from afar by a Hell Sentinel

Illustrated notes

Levels and vault maps discovered:
D:        arena_sprint

Skill      XL: |  1  2  3  4  5  6  7  8  9 10 11 12 13 14 15 16 17 18 19 20 21 22 23 24 25 |
---------------+----------------------------------------------------------------------------+-----
Fighting       | 5 6 7 10 12 16 18 19 20 21 24 25 27 | 27.0
Maces & Flails | 3 4 6 9 10 12 15 16 17 18 23 24 27 | 27.0
Armour         | 5 6 7 8 9 10 11 12 13 20 27 | 27.0
Shields        | 5 6 7 8 9 11 12 13 20 | 20.3
Dodging        | 1 3 4 5 6 7 8 |  8.3
Stealth        | 1 |  1.0
Spellcasting   | 3 4 |  4.7
Earth Magic    | 4 5 6 |  6.2
Translocations | 2 3 |  3.1

Action                     |  1- 3 |  4- 6 |  7- 9 | 10-12 | 13-15 | 16-18 | 19-21 | 22-24 | 25-27 || total
---------------------------+-------+-------+-------+-------+-------+-------+-------+-------+-------++-------
  Melee: Flail             |    11 |    41 |    35 |       |       |       |       |       |       ||    87
         Demon whip        |       |       |    42 |   191 |       |       |    53 |   620 |   269 ||  1175
         Kick              |       |       |       |    14 |       |       |       |       |       ||    14
 Invoke: Call Merchant     |       |       |       |       |       |       |       |     1 |     4 ||     5
  Evoke: Wand              |       |     1 |     1 |       |       |       |       |     2 |       ||     4
    Use: Potion            |       |       |     5 |     2 |     3 |     3 |     3 |    14 |     2 ||    32
         Scroll            |       |       |       |    10 |       |       |       |     3 |    16 ||    29
   Stab: Distracted        |       |     1 |       |       |       |       |       |     1 |     2 ||     4
 Armour: Scale mail        |     7 |    16 |    21 |   122 |       |       |    10 |    77 |       ||   253
         Ring mail         |       |       |       |       |       |       |       |    24 |       ||    24
         Crystal plate arm |       |       |       |       |       |       |       |   170 |   115 ||   285
  Dodge: Dodged            |     6 |    11 |    17 |   107 |       |       |    14 |   168 |    59 ||   382
  Block: Buckler           |     1 |     5 |     6 |    41 |       |       |     7 |    26 |       ||    86
         Kite shield       |       |       |       |       |       |       |       |   184 |    81 ||   265

Table legend: (Time is in decaauts)
 A = Elapsed time spent in this place.
 B = Non-inter-level travel time spent in this place.
 C = Inter-level travel time spent in this place.
 D = Time resting spent in this place.
 E = Time spent auto-exploring this place.
 F = Levels seen in this place.
 G = Mean time per level.
                   A        B        C        D        E       F      G
               +--------+--------+--------+--------+--------+-----+--------+
         Total |   4199 |   4166 |     33 |    564 |    150 |   1 | 4199.0 |
       Dungeon |   4199 |   4166 |     33 |    564 |    150 |   1 | 4199.0 |
               +--------+--------+--------+--------+--------+-----+--------+

Top non-repeatable levels by time:
       D: 4199 daAuts
